 Dungeon Crawl Stone Soup version 0.30-a0-802-gb92711bcdf (webtiles) character file.

Game seed: 2428149332516229364

48 Jeffwins the Gusty (level 4, 0/32 HPs)
             Began as a Human Wanderer on Feb 24, 2023.
             Slain by Robin
             ... wielding a +0 spear
              (3 damage)
             ... on level 2 of the Dungeon.
             The game lasted 00:03:14 (1347 turns).

Jeffwins the Gusty (Human Wanderer)                 Turns: 1347, Time: 00:03:14

Health: 0/32       AC:  3    Str: 13    XL:     4   Next: 0%
Magic:  0/7        EV: 11    Int: 18    God:
Gold:   18         SH:  0    Dex: 12    Spells: 6/8 levels left

rFire   . . .      SeeInvis .    a - +0 dagger (vamp)
rCold   . . .      Faith    .    (no shield)
rNeg    . . .      Spirit   .    c - +0 robe
rPois   +          Reflect  .    d - +0 helmet
rElec   +          Harm     .    (no cloak)
rCorr   .          Rampage  .    (no gloves)
Will    .....                    (no boots)
Stlth   ++                       (no amulet)
HPRegen 0.25/turn                b - ring of Xygrem {rElec rPois Str+4 Slay+2}
MPRegen 0.10/turn                (no ring)

@: no status effects
A: no striking features
a: no special abilities


You were on level 2 of the Dungeon.
You visited 1 branch of the dungeon, and saw 2 of its levels.

You collected 18 gold pieces.


   Skills:
 - Level 1.0 Fighting
 - Level 1.0 Armour
 - Level 1.0 Stealth
 * Level 2.5 Spellcasting
 * Level 1.3 Conjurations
 * Level 1.8 Fire Magic
 * Level 3.4 Air Magic
 - Level 1.0 Evocations


You had 6 spell levels left.
You knew the following spells:

 Your Spells              Type           Power      Damage    Failure   Level
x - Shock                 Conj/Air       40%        1d5       6%          1
z - Foxfire               Conj/Fire      32%        2x1d5     9%          1

Your spell library contained the following spells:

 Spells                   Type           Power      Damage    Failure   Level
 Static Discharge         Conj/Air       20%        2-3/arc   10%         2
 Swiftness                Air            14%        N/A       13%         3
 Inner Flame              Hex/Fire       5%         N/A       34%         3

Inventory:

Hand Weapons
 a - a +0 vampiric dagger (weapon)
Armour
 c - a +0 robe (worn)
 d - a +0 helmet (worn)
Jewellery
 b - the ring of Xygrem (left hand) {rElec rPois Str+4 Slay+2}
   (You acquired it on level 2 of the Dungeon)

   [ring of poison resistance]

   Str:       It affects your strength (+4).
   Slay:      It affects your accuracy & damage with ranged weapons and melee
   (+2).
   rElec:     It insulates you from electricity.
   rPois:     It protects you from poison.
 H - an amulet of faith {!P}
Scrolls
 e - a scroll of identify {@r1}
 h - a scroll of butterflies

Dungeon Overview and Level Annotations

Branches:
Dungeon (2/15)

Altars:

Annotations:
D:2 Robin

##........##
..........#
#.......g.#
.........?
##......# #
#.....#.#.#
#..........
#)###.(...#
#@)g.......
###########


You could see Robin.


Message History

The goblin hits you but does no damage.
Robin roars a battlecry!
The hobgoblin goes into a battle-frenzy!
Unknown command.
Casting: Shock (safe; 7% risk of failure)
Confirm with . or Enter, or press ? or * to list all spells.
Aiming: Shock (safe; 7% risk of failure)
Press: ? - help, Shift-Dir - straight line, f - hobgoblin
Aim: a hobgoblin (strong, 68% to hit)
The zap hits the hobgoblin.
The hobgoblin is severely wounded.
The hobgoblin misses you. The goblin hits you but does no damage.
Unknown command.
You barely miss the hobgoblin.
The hobgoblin is severely wounded.
The hobgoblin hits you but does no damage.
The goblin hits you with a +0 dagger.
* * * LOW HITPOINT WARNING * * *
Robin barely misses you.
Unknown command.
You hit the hobgoblin.
You kill the hobgoblin!
The goblin misses you. Robin throws the goblin at you!
* * * LOW HITPOINT WARNING * * *
You have reached level 4!
You feel clever.
You hit the goblin.
You feel better.
You kill the goblin!
Robin hits you from afar with a +0 spear.
You die...

Skill      XL: |  1  2  3 |
---------------+----------+-----
Conjurations   | 1 |  1.3
Fighting       | |  1.0
Armour         | |  1.0
Stealth        | |  1.0
Spellcasting   | |  2.5
Fire Magic     | |  1.8
Air Magic      | |  3.4
Evocations     | |  1.0

Action                     |  1- 3 |  4- 6 || total
---------------------------+-------+-------++-------
  Melee: Dagger            |    57 |     1 ||    58
   Cast: Foxfire           |    14 |       ||    14
         Shock             |    51 |       ||    51
    Use: Scroll            |     5 |       ||     5
         Potion            |     2 |       ||     2
 Armour: Robe              |    29 |       ||    29
  Dodge: Dodged            |    59 |       ||    59

Levels and vault maps discovered:
D:1:      tarquinn_simple_flora_water_d, layout_loops_cross
D:2:      minmay_diamond_boxcup, layout_basic, nicolae_half_adder, uniq_robin

Notes
Turn   | Place    | Note
-------+----------+-------------------------------------------
     0 | D:1      | Jeffwins the Human Wanderer began the quest for the Orb.
     0 | D:1      | Jeffwins set off with the following items: a +0 dagger, a
                  | scroll of fear, a +0 robe, a +0 helmet; and the following
                  | spells available to memorise: Shock, Foxfire, Static
                  | Discharge, Swiftness, Inner Flame.
     0 | D:1      | Reached XP level 1. HP: 15/15 MP: 3/3
     2 | D:1      | Learned a level 1 spell: Foxfire
     4 | D:1      | Learned a level 1 spell: Shock
   161 | D:1      | Reached XP level 2. HP: 21/21 MP: 0/5
   662 | D:1      | Reached XP level 3. HP: 26/26 MP: 4/6
   766 | D:1      | Reached skill level 1 in Conjurations
  1294 | D:2      | Noticed Robin
  1304 | D:2      | Identified a scroll of acquirement
  1309 | D:2      | Acquired the ring of Xygrem {rElec rPois Str+4 Slay+2}
  1345 | D:2      | HP: 2/26 [goblin/+0 dagger (5)]
  1347 | D:2      | Reached XP level 4. HP: 2/32 MP: 0/7
  1347 | D:2      | Slain by Robin

Vanquished Creatures
  A dart slug (D:1)
  A ball python (D:1)
  4 endoplasms (D:1)
  2 giant cockroaches (D:1)
  10 goblins
  8 hobgoblins
  6 bats (D:1)
  2 frilled lizards (D:1)
  2 kobolds (D:1)
  4 rats
40 creatures vanquished.

Vanquished Creatures (others)
  20 foxfires (D:1)
20 creatures vanquished.

Grand Total: 60 creatures vanquished

Table legend: (Time is in decaauts)
 A = Elapsed time spent in this place.
 B = Non-inter-level travel time spent in this place.
 C = Inter-level travel time spent in this place.
 D = Time resting spent in this place.
 E = Time spent auto-exploring this place.
 F = Levels seen in this place.
 G = Mean time per level.
                   A        B        C        D        E       F      G
               +--------+--------+--------+--------+--------+-----+--------+
         Total |   1346 |   1328 |     18 |      0 |   1110 |   2 |  673.0 |
       Dungeon |   1346 |   1328 |     18 |      0 |   1110 |   2 |  673.0 |
               +--------+--------+--------+--------+--------+-----+--------+

Top non-repeatable levels by time:
     D:1: 1294 daAuts
     D:2: 52 daAuts

Table legend:
 A = Non-vault XP
 B = Vault XP
 C = Vault XP percentage of total XP
 D = Non-vault monster count
 E = Vault monster count
 F = Vault count percentage of total count
                 A         B        C        D         E       F
            +---------+---------+-------+---------+---------+-------
      Total |      46 |      24 |  34.3 |      28 |      12 |  30.0
            +---------+---------+-------+---------+---------+-------
        D:1 |      44 |       0 |   0.0 |      26 |       0 |   0.0
        D:2 |       2 |      24 |  92.3 |       2 |      12 |  85.7
            +---------+---------+-------+---------+---------+-------
